 Dungeon Crawl Stone Soup version 0.30.1-11-g7821555f0a (webtiles) character file.

Game seed: 14268394991493265593

11122 Ijustatesigmund the Geomancer (level 11, -8/64 HPs)
             Began as a Gargoyle Earth Elementalist on Nov 27, 2023.
             Was an Elder of Cheibriados.
             Killed from afar by an ice dragon (52 damage)
             ... with a blast of cold
             ... on level 11 of the Dungeon on Nov 28, 2023.
             The game lasted 00:25:48 (12912 turns).

Ijustatesigmund the Geomancer (GrEE)               Turns: 12912, Time: 00:25:49

Health: -8/64      AC: 15    Str: 22    XL:     11   Next: 72%
Magic:  19/23      EV: 12    Int: 33    God:    Cheibriados [****..]
Gold:   153        SH:  0    Dex: 20    Spells: 22/26 levels left

rFire   . . .        z - +11 quarterstaff of the Dark Horse {heavy, Int+3}
rCold   . . .        (shield currently unavailable)
rNeg    + + .        D - +2 robe {Archmagi}
rPois   ∞            (no helmet)
rElec   +            L - +1 cloak
rCorr   .            G - +0 pair of gloves
SInv    .            (no boots)
Will    .....        j - amulet of the acrobat
Stlth   ++           w - ring of positive energy
HPRegen 0.30/turn    (no ring)
MPRegen 0.18/turn

%: acrobat, archmagi
@: studying Poison Magic, very slow
A: sickness immunity, AC +8, negative energy resistance 1, electricity
resistance, torment resistance 1, petrification resistance
a: Renounce Religion, Bend Time, Temporal Distortion, Slouch


You were on level 11 of the Dungeon.
You worshipped Cheibriados.
Cheibriados was greatly pleased with you.
You visited 2 branches of the dungeon, and saw 12 of its levels.
You also visited: Sewer.

You collected 693 gold pieces.
You spent 540 gold pieces at shops.

Inventory:

Hand Weapons
 d - a +1 flail of protection
 e - a +3 morningstar of protection
 q - the +5 rapier "Bit Ynk" {venom, Dex+3}
   (You found it on level 3 of the Dungeon)

   Dex:       It affects your dexterity (+3).
 z - the +11 quarterstaff of the Dark Horse (weapon) {heavy, Int+3}
   (You found it on level 7 of the Dungeon)

   Int:       It affects your intelligence (+3).
Armour
 a - the +0 robe of Parts Unknown {rC+++ Will- Regen+ rCorr}
   (You found it on level 4 of the Dungeon)

   rC:        It renders you almost immune to cold.
   Regen:     It increases your rate of health regeneration.
   rCorr:     It protects you from acid and corrosion.
   Will:      It decreases your willpower.
 B - +0 steam dragon scales
 C - the +0 kite shield of Koess {rElec}
   (You bought it in a shop on level 9 of the Dungeon)

   rElec:     It insulates you from electricity.
 D - a +2 robe of the Archmagi (worn)
 G - a +0 pair of gloves (worn)
 L - a +1 cloak (worn)
Jewellery
 j - an amulet of the acrobat (around neck)
 w - a ring of positive energy (left hand)
 E - a ring of positive energy
 H - a ring of resist corrosion
 I - a ring of wizardry
Wands
 g - a wand of flame (34)
 h - a wand of iceblast (11)
 x - a wand of light (20)
 A - a wand of charming (7)
Scrolls
 f - 2 scrolls of fog
 k - 5 scrolls of identify
 r - a scroll of blinking
 y - 5 scrolls of teleportation
 F - a scroll of immolation
Potions
 b - a potion of magic
 c - 3 potions of cancellation
 i - 6 potions of brilliance
 l - 2 potions of haste
 m - 2 potions of ambrosia
 n - a potion of heal wounds
 o - 3 potions of attraction
 s - 5 potions of curing
 t - 2 potions of might
 u - a potion of resistance
 v - a potion of mutation
 J - a potion of flight


   Skills:
 + Level 5.6 Fighting
 + Level 4.9 Maces & Flails
 - Level 1.5 Dodging
 - Level 2.1 Stealth
 + Level 8.0 Spellcasting
 + Level 10.3 Conjurations
 - Level 0.7 Transmutations
 + Level 10.7 Earth Magic
 + Level 7.6 Invocations


You had 22 spell levels left.
You knew the following spells:

 Your Spells              Type           Power      Damage    Failure   Level
a - Sandblast             Erth           100%       2d20      1%          1
b - Stone Arrow           Conj/Erth      100%       3d13      1%          3

Your spell library contained the following spells:

 Spells                   Type           Power      Damage    Failure   Level
 Passwall                 Tmut/Erth      55%        N/A       1%          2
 Lee's Rapid Deconstruct  Erth           45%        3d22*     1%          5
 Apportation              Tloc           38%        N/A       3%          1
 Necrotise                Necr           76%        1d7       3%          1
 Summon Small Mammal      Summ           76%        N/A       3%          1
 Leda's Liquefaction      Hex/Erth       32%        N/A       3%          4
 Petrify                  Tmut/Erth      67%        N/A       3%          4
 Lesser Beckoning         Tloc           38%        N/A       5%          2
 Call Canine Familiar     Summ           19%        N/A       11%         3
 Gell's Gravitas          Tloc           19%        N/A       11%         3
 Summon Guardian Golem    Hex/Summ       19%        N/A       11%         3
 Teleport Other           Tloc           19%        N/A       11%         3
 Summon Ice Beast         Ice/Summ       19%        N/A       34%         4
 Summon Mana Viper        Hex/Summ       19%        N/A       67%         5
 Monstrous Menagerie      Summ           9%         N/A       100%        7
 Statue Form              Tmut/Erth      Unusable   N/A       N/A         6

Dungeon Overview and Level Annotations

Branches:
Dungeon (11/15)            Temple (1/1) D:5             Orc (0/2) D:10
  Sewer (visited)
   Lair: D:8-11

Altars:
Ashenzari
Cheibriados
Dithmenos
Elyvilon
Fedhas
Gozag
Hepliaklqana
Kikubaaqudgha
Makhleb
Nemelex Xobeh
Okawaru
Qazlal
Ru
Sif Muna
Trog
Uskayaw
Vehumet
Wu Jian
Xom
Yredelemnul
Zin
The Shining One

Shops:
D:5 (?[   D:9 *

Portals:
Ice
Cave: D:11


Innate Abilities, Weirdness & Mutations

You are immune to sickness and miasma.
Your stone body is resilient. (AC +8)
You are immune to poison.
You resist negative energy. (rN+)
You are resistant to electric shocks. (rElec)
You are resistant to unholy torment.
You are immune to petrification.


Message History

You kill the yak!
Cheibriados thoroughly appreciates the change of pace.
You can no longer step out of the flow of time.
Cheibriados lowers the support of your attributes as your movement quickens.
A wolf comes into view.
You completely miss the yak.
The yak is heavily wounded.
The yak barely misses you. x2
Unknown command.
Aiming: Charm
Press: ? - help, Shift-Dir - straight line, f - yak
Aim: a yak (heavily wounded, chance to affect: 49%)
The yak is charmed.
The wolf howls!
The ice dragon barely misses your yak. The ice dragon claws your yak!
The ice dragon tramples your yak!
Your yak holds its ground!
Your yak dies!
Aiming: Charm
Press: ? - help, Shift-Dir - straight line, f - ice dragon
Aim: an ice dragon (lightly wounded, chance to affect: 31%)
The ice dragon easily resists.
The polar bear growls angrily.
Aiming: Bolt of Light
Press: ? - help, Shift-Dir - straight line, f - wolf, p - ice dragon
Aim: a wolf (53% to hit)
The bolt of light hits the ice dragon.
The ice dragon is moderately wounded.
The ice dragon is blinded.
The bolt of light hits the polar bear!
The polar bear is lightly wounded.
The polar bear is blinded.
The bolt of light hits the wolf!
The wolf is heavily wounded.
The ice dragon bites you.
The ice dragon claws you but does no damage.
The ice dragon barely misses you.
You sock the ice dragon!
The ice dragon is moderately wounded.
The ice dragon breathes frost at you. The blast of cold hits you!!!
Ouch! That really hurt!
You die...

...#....#...........$.
......................
......................
......................
.........†............
...................../
...####.###...........
##.####....).)....
#@## #............
##D# #......)..... h#
#............ h.
#............
h####..........# ..
#....<)....# ..
###...##...# ∩. #...#
#### ###.#


You could see an ice dragon (blind, catching breath), 2 polar bears and a wolf.

Vanquished Creatures
  2 two-headed ogres (D:9)
  2 cyclopes
  A manticore (D:9)
  3 kobold demonologists
  A gargoyle (D:7)
  A komodo dragon (D:10)
  A troll (D:10)
  A wraith (D:11)
  A shadow (D:9)
  7 yaks
  2 vampire mosquitoes (D:10)
  A wyvern (D:8)
  Eustachio (D:5)
  Menkaure (D:7)
  3 steam dragons
  Edmund (D:5)
  2 water moccasins
  A swamp drake (D:10)
  An ice beast (D:6)
  2 sky beasts
  5 orc warriors
  A black bear (D:5)
  An ogre (D:6)
  A wolf (D:11)
  2 centaurs
  Blork the orc (D:5)
  4 kobold brigands
  A scorpion (D:6)
  14 wights
  14 killer bees
  2 howler monkeys (D:9)
  6 electric eels (D:7)
  8 hounds
  3 jellies
  A gnoll bouda (D:8)
  4 orc priests
  2 sleepcaps
  3 iguanas
  11 orc wizards
  Robin (D:2)
  6 gnolls
  8 adders
  A shadow imp (D:5)
  2 white imps (D:7)
  2 ufetubi
  A worm (D:2)
  3 dart slugs
  43 orcs
  14 ball pythons
  3 endoplasms
  4 giant cockroaches
  17 goblins
  10 hobgoblins
  12 jackals
  23 kobolds
  6 quokkas
  3 bats (D:1)
  4 frilled lizards
  27 rats
309 creatures vanquished.

Vanquished Creatures (others)
  A yak (D:11)
1 creature vanquished.

Grand Total: 310 creatures vanquished

Notes
Turn   | Place    | Note
-------+----------+-------------------------------------------
     0 | D:1      | Ijustatesigmund the Gargoyle Earth Elementalist began the
                  | quest for the Orb.
     0 | D:1      | Reached XP level 1. HP: 10/10 MP: 3/3
   227 | D:1      | Reached XP level 2. HP: 16/16 MP: 3/5
   310 | D:1      | Reached skill level 1 in Fighting
   884 | D:1      | Found a faded altar of an unknown god.
   935 | D:2      | Reached XP level 3. HP: 17/20 MP: 2/6
   975 | D:2      | Learned a level 3 spell: Stone Arrow
  1104 | D:2      | Noticed Robin
  1123 | D:2      | Killed Robin
  1124 | D:2      | Reached skill level 1 in Conjurations
  1167 | D:2      | Reached XP level 4. HP: 19/25 MP: 2/7
  2109 | D:3      | Reached XP level 5. HP: 29/29 MP: 5/9
  2398 | D:3      | Identified the +5 rapier "Bit Ynk" {venom, Dex+3}
  3417 | D:4      | Reached skill level 1 in Maces & Flails
  3418 | D:4      | Identified the +0 robe of Parts Unknown {rC+++ Will- Regen+
                  | rCorr}
  3477 | D:5      | Entered Level 5 of the Dungeon
  3492 | D:5      | Noticed a black bear
  3492 | D:5      | Found a staircase to the Ecumenical Temple.
  3533 | D:5      | Found a glowing drain.
  3537 | Sewer    | Entered a sewer
  3552 | Sewer    | Reached XP level 6. HP: 35/35 MP: 8/10
  3692 | Sewer    | Reached skill level 5 in Earth Magic
  3812 | Sewer    | Reached XP level 7. HP: 37/40 MP: 7/12
  4361 | D:5      | Noticed Edmund
  4563 | D:5      | Killed Edmund
  4564 | D:5      | Reached skill level 5 in Conjurations
  4832 | D:5      | Noticed Blork the orc
  4836 | D:5      | Killed Blork the orc
  4837 | D:5      | Reached XP level 8. HP: 40/45 MP: 7/14
  5227 | D:5      | Found Tichoann's Magic Scroll Shoppe.
  5228 | D:5      | Found Uteusch Cieca's Antique Weapon Shop.
  5229 | D:5      | Found Hayweer's Armour Shop.
  5303 | D:5      | Bought a glowing morningstar for 217 gold pieces
  5371 | D:5      | Noticed Eustachio
  5374 | D:5      | Killed Eustachio
  5775 | Temple   | Entered the Ecumenical Temple
  5902 | Temple   | Became a worshipper of Cheibriados the Contemplative
  6136 | D:6      | Reached skill level 1 in Invocations
  6273 | D:6      | Reached skill level 5 in Spellcasting
  6629 | D:6      | Reached XP level 9. HP: 47/49 MP: 4/16
  6838 | D:6      | Reached * piety under Cheibriados
  7943 | D:7      | Noticed Menkaure
  7947 | D:7      | Killed Menkaure
  8588 | D:7      | Noticed a gargoyle
  8592 | D:7      | Killed a gargoyle
  8802 | D:7      | Identified the +11 quarterstaff of the Dark Horse {heavy,
                  | Int+3}
  8890 | D:8      | Reached ** piety under Cheibriados
  8891 | D:8      | Reached skill level 5 in Invocations
  8927 | D:8      | Reached XP level 10. HP: 32/54 MP: 13/19
  9747 | D:8      | Reached *** piety under Cheibriados
 10145 | D:9      | Identified the +5 dagger of Zass {flame, Int+6}
 10293 | D:9      | Found Luxtew's Assorted Antiques.
 10295 | D:9      | Noticed a two-headed ogre
 10302 | D:9      | Killed a two-headed ogre
 10384 | D:9      | Bought a dazzling kite shield for 323 gold pieces
 10384 | D:9      | Identified the +0 kite shield of Koess {rElec} (You bought
                  | it in a shop on level 9 of the Dungeon)
 10480 | D:9      | Noticed a two-headed ogre
 10488 | D:9      | Killed a two-headed ogre
 10489 | D:9      | Reached XP level 11. HP: 17/61 MP: 15/22
 10556 | D:9      | Noticed a manticore
 10562 | D:9      | Killed a manticore
 10563 | D:9      | Reached skill level 10 in Earth Magic
 11225 | D:9      | Noticed a cyclops
 11230 | D:9      | Killed a cyclops
 11448 | D:10     | Entered Level 10 of the Dungeon
 11648 | D:10     | Found a shimmering blue altar of Sif Muna.
 11881 | D:10     | Reached skill level 10 in Conjurations
 12023 | D:10     | Reached skill level 5 in Fighting
 12023 | D:10     | Reached **** piety under Cheibriados
 12281 | D:10     | Found a staircase to the Orcish Mines.
 12643 | D:11     | Noticed a cyclops
 12647 | D:11     | Killed a cyclops
 12744 | D:11     | Noticed a cyclops
 12793 | D:11     | Reached ***** piety under Cheibriados
 12815 | D:11     | Found a frozen archway.
 12815 | D:11     | Noticed an ice dragon
 12912 | D:11     | Killed from afar by an ice dragon

Illustrated notes

Levels and vault maps discovered:
D:1:      dpeg_arrival_rooms_c, layout_loops_ring,
          shapermc_ecumenical_altar_hornbeckon
D:2:      layout_rooms, serial_aquarium, aquarium_bridge_long_separate
          [aquarium_subvault_wall, aquarium_subvault_wall,
          aquarium_subvault_bridge, aquarium_subvault_bridge,
          aquarium_subvault_bridge, aquarium_subvault_window],
          aquarium_bridge_square [aquarium_subvault_wall,
          aquarium_subvault_bridge, aquarium_subvault_bridge,
          aquarium_subvault_bridge], aquarium_window_1, aquarium_window_fake,
          aquarium_window_1, aquarium_view_2c, aquarium_view_2b,
          minmay_rat_hole, uniq_robin
D:3:      layout_basic, minivault_26
D:4:      layout_cave_pods
D:5:      minmay_skewed_foursquare, layout_basic, temple_statues,
          gup_sewer_entry_bowl, nicolae_wooded_promenade, corexii_shack,
          uniq_eustachio, uniq_blork_the_orc, uniq_edmund
D:6:      layout_rooms, corexii_shack, minivault_1
D:7:      cheibrodos_two_vegetables, layout_loops_corners, uniq_menkaure
D:8:      layout_cave_pools
D:9:      layout_gridville, serial_shops, shop
D:10:     layout_loops_ring, mainiacjoe_overflow_small_starburst, erik_orc_1,
          chequers_serial_rivers_room_a, kennysheep_generic_room_12
D:11:     layout_cross, lair_entry_dummy,
          portal_ice_cave_entry_animals_and_master
Temple:   compressed_dpeg_circular_temple

Skill      XL: |  1  2  3  4  5  6  7  8  9 10 11 |
---------------+----------------------------------+-----
Fighting       | 1 2 4 5 |  5.6
Earth Magic    | 4 5 6 7 8 9 10 | 10.7
Conjurations   | 1 2 3 4 5 7 8 9 10 | 10.3
Spellcasting   | 3 4 5 6 7 8 |  8.0
Maces & Flails | 1 3 4 |  4.9
Invocations    | 2 5 6 7 |  7.6
Dodging        | |  1.5
Stealth        | |  2.1
Transmutations | |  0.7

Action                     |  1- 3 |  4- 6 |  7- 9 | 10-12 || total
---------------------------+-------+-------+-------+-------++-------
  Melee: Whip              |    14 |    39 |       |       ||    53
         Rapier            |       |    41 |    23 |       ||    64
         Punch             |       |       |     2 |       ||     2
         Morningstar       |       |       |    78 |       ||    78
         Quarterstaff      |       |       |     2 |   161 ||   163
   Cast: Sandblast         |    42 |    72 |    28 |       ||   142
         Stone Arrow       |       |       |    85 |    78 ||   163
 Invoke: Slouch            |       |       |       |     1 ||     1
  Evoke: Wand              |       |       |    12 |     6 ||    18
    Use: Scroll            |       |    12 |     7 |     7 ||    26
         Potion            |       |     1 |     1 |     4 ||     6
   Stab: Sleeping          |       |     1 |     2 |       ||     3
 Armour: Robe              |     8 |    45 |    64 |   162 ||   279
  Dodge: Dodged            |    11 |    87 |   110 |   319 ||   527
